 Dungeon Crawl Stone Soup version 0.27-a0-1196-g3e9cee4cb2 (webtiles) character file.

Game seed: 4955583103084591085

74 lunkers the Chopper (level 4, -3/41 HPs)
             Began as a Hill Orc Fighter on May 27, 2021.
             Killed from afar by Sigmund (9 damage)
             ... with a magic dart
             ... while paralysed by Grinder
             ... on level 3 of the Dungeon.
             The game lasted 00:02:55 (1778 turns).

lunkers the Chopper (Hill Orc Fighter)              Turns: 1778, Time: 00:02:55

Health: -3/41      AC:  8    Str: 19    XL:     4   Next: 30%
Magic:  4/4        EV:  2    Int:  8    God:
Gold:   84         SH:  0    Dex: 10    Spells: 3/3 levels left

rFire    . . .     SeeInvis .   a - +0 war axe
rCold    . . .     Faith    .   c - +0 kite shield
rNeg     . . .     Spirit   .   b - +0 scale mail
rPois    .         Reflect  .   (no helmet)
rElec    .         Harm     .   (no cloak)
rCorr    .         Rampage  .   e - +0 pair of gloves
Will     .....                  (no boots)
Stlth    ..........             (no amulet)
HPRegen  0.13/turn              (no ring)
MPRegen  0.09/turn              (no ring)

@: paralysed, mighty
A: no striking features
a: no special abilities


You were on level 3 of the Dungeon.
You visited 1 branch of the dungeon, and saw 3 of its levels.

You collected 84 gold pieces.

Inventory:

Hand Weapons
 a - a +0 war axe (weapon)
Missiles
 g - 7 atropa-tipped darts {=f}
Armour
 b - a +0 scale mail (worn)
 c - a +0 kite shield (worn)
 e - a +0 pair of gloves (worn)
Scrolls
 h - a scroll of fear {unknown}
 i - a scroll of blinking {unknown}
 j - a scroll of brand weapon {unknown}
 k - a scroll of immolation {unknown}
Potions
 f - 2 potions of curing {unknown}
 l - a potion of lignification {unknown}


   Skills:
 + Level 4.5 Fighting
 * Level 5.1 Axes
 - Level 3.2 Armour
 - Level 3.2 Shields


You had 3 spell levels left.
You didn't know any spells.
Your spell library was empty.

Dungeon Overview and Level Annotations

Branches:
Dungeon (3/15)

Altars:

Shops:
D:1 !=[[?

Annotations:
D:3 Grinder, Sigmund


Message History

You block the hobgoblin's attack.
You closely miss the hobgoblin. You block the hobgoblin's attack.
You closely miss the hobgoblin.
The hobgoblin hits you but does no damage.
You block the hobgoblin's attack.
You closely miss the hobgoblin. The hobgoblin barely misses you.
You slash the hobgoblin!
You kill the hobgoblin!
No target in view!
No target in view!
No target in view!
Sigmund the Dreaded comes into view.
He is wielding a +0 scythe.
Sigmund shouts!
Grinder comes into view.
She is carrying a wand of polymorph (9).
Grinder shouts!
Grinder moves out of view.
Sigmund hits you from afar with a +0 scythe!
You see here a hobgoblin corpse.
You feel very mighty all of a sudden. Sigmund gestures at you while chanting.
The puff of flame hits you!
Sigmund points at you and mumbles some strange words.
The magic dart hits you.
* * * LOW HITPOINT WARNING * * *
Grinder gestures at you. You resist with significant effort.
You closely miss Sigmund. Sigmund says, "I'm your fate."
Sigmund barely misses you.
You closely miss Sigmund. You hit Grinder. You block Sigmund's attack.
Grinder gestures at you.
You suddenly lose the ability to move!
Sigmund hits you with a +0 scythe!
* * * LOW HITPOINT WARNING * * *
Grinder hits you.
* * * LOW HITPOINT WARNING * * *
You writhe in agony.
* * * LOW HITPOINT WARNING * * *
Sigmund gestures at you while chanting. The magic dart hits you!
You die...

#.....# #.#.#
#.....###.#.# #######
#.......#^..# .......
#.......#...# .......
#.......#...##.......
#.#..........#.......
#............#.......
.............†#5......
###...........@@......
..........?..........
#....................
...............######
.............#..#
...........##..#
..........+ ....
.........# #..#


You could see Grinder and Sigmund.

Vanquished Creatures
  A gnoll (D:2)
  An adder (D:2)
  4 dart slugs
  4 ball pythons
  5 endoplasms
  2 giant cockroaches (D:1)
  4 goblins (D:1)
  5 hobgoblins
  4 jackals (D:1)
  A quokka (D:1)
  A bat (D:1)
  2 frilled lizards (D:1)
  4 kobolds
  6 rats
44 creatures vanquished.

Notes
Turn   | Place    | Note
-------+----------+-------------------------------------------
     0 | D:1      | lunkers the Hill Orc Fighter began the quest for the Orb.
     0 | D:1      | Reached XP level 1. HP: 19/19 MP: 1/1
    59 | D:1      | Reached skill level 3 in Axes
   121 | D:1      | Reached XP level 2. HP: 20/27 MP: 2/2
   301 | D:1      | Found Plog's Distillery.
   463 | D:1      | Found Hukycwon's Antique Armour Boutique.
   526 | D:1      | Found Luixkim's Magic Scroll Shop.
   530 | D:1      | Reached skill level 4 in Axes
   592 | D:1      | Reached XP level 3. HP: 32/33 MP: 3/3
   949 | D:1      | Found Fehum's Jewellery Boutique.
   972 | D:1      | Found a faded altar of an unknown god.
  1104 | D:1      | Found Sutrukhe's Armour Boutique.
  1347 | D:2      | Reached XP level 4. HP: 40/41 MP: 4/4
  1461 | D:2      | Reached skill level 5 in Axes
  1770 | D:3      | Noticed Sigmund
  1772 | D:3      | Noticed Grinder
  1777 | D:3      | Paralysed by Grinder for 2 turns
  1778 | D:3      | Killed from afar by Sigmund

Illustrated notes

Levels and vault maps discovered:
D:1:      sevenhm_arrival_forest_fort_large_3, layout_basic,
          chequers_ecumenical_altar_simple, serial_shops,
          nicolae_shop_waterfront, nicolae_shop_stone, shop, nicolae_shop_stone,
          shop
D:2:      layout_basic, kennysheep_generic_room_5
D:3:      layout_basic, ashenzari_altar_1, uniq_ijyb, uniq_robin, uniq_grinder,
          uniq_sigmund

Skill      XL: |  1  2  3  4 |
---------------+-------------+-----
Axes           | 3 4 5 |  5.1
Fighting       | 4 |  4.5
Armour         | |  3.2
Shields        | |  3.2

Action                   |  1- 3 |  4- 6 || total
-------------------------+-------+-------++-------
Melee: War axe           |    85 |    22 ||   107
  Use: Potion            |       |     1 ||     1
Armor: Scale mail        |    45 |    10 ||    55
Dodge: Dodged            |    22 |     8 ||    30
Block: Kite shield       |    44 |     7 ||    51

Table legend: (Time is in decaauts)
 A = Elapsed time spent in this place.
 B = Non-inter-level travel time spent in this place.
 C = Inter-level travel time spent in this place.
 D = Time resting spent in this place.
 E = Time spent auto-exploring this place.
 F = Levels seen in this place.
 G = Mean time per level.
                   A        B        C        D        E       F      G
               +--------+--------+--------+--------+--------+-----+--------+
         Total |   1835 |   1782 |     53 |      0 |   1485 |   3 |  611.7 |
       Dungeon |   1835 |   1782 |     53 |      0 |   1485 |   3 |  611.7 |
               +--------+--------+--------+--------+--------+-----+--------+

Top non-repeatable levels by time:
     D:1: 1208 daAuts
     D:2: 594 daAuts
     D:3: 32 daAuts
